| TOP OF THE 1ST |
|
Louisiana State University Tigers batting - Pitching for Coastal Carolina University Chanticleers : LHP Xian-yao Dou
|
|
Pitching: LHP Xian-yao Dou
|
|
|
Batting: LHB Alex Morales
|
0-0: Ball 1-0: SINGLE (Groundball, 4MD, EV 98.1 MPH)
|
|
Batting: RHB Pete Roberts
|
0-0: Ball Alex Morales is caught stealing 2nd base 2-4 1-0: Fly out, F8 (Flyball, 8RD, EV 95.6 MPH)
|
|
Batting: RHB Peter Turcotte
|
0-0: Ball 1-0: Foul Ball, location: 2F 1-1: Ball 2-1: Foul Ball, location: 2F 2-2: Ball 3-2: Base on Balls
|
|
Batting: RHB David Olivarez
|
0-0: Called Strike Peter Turcotte is caught stealing 2nd base 2-4
|
| Top of the 1st over - 0 runs, 1 hit, 0 errors, 0 left on base; Louisiana State University 0 - Coastal Carolina University 0 |
| BOTTOM OF THE 1ST |
|
Coastal Carolina University Chanticleers batting - Pitching for Louisiana State University Tigers : LHP Logan Corrigan
|
|
Pitching: LHP Logan Corrigan
|
|
|
Batting: RHB Ferri Casteleijn
|
0-0: Ground out 5-3 (Groundball, 5, EV 79.4 MPH)
|
|
Batting: RHB Oscar Hernandez
|
0-0: Ball 1-0: Called Strike 1-1: Foul Ball, location: 2F 1-2: Strikes out swinging
|
|
Batting: RHB Dennis Bennett
|
0-0: Ground out 5-3 (Groundball, 56S, EV 81.2 MPH)
|
| Bottom of the 1st over - 0 runs, 0 hits, 0 errors, 0 left on base; Louisiana State University 0 - Coastal Carolina University 0 |
| TOP OF THE 2ND |
|
Louisiana State University Tigers batting - Pitching for Coastal Carolina University Chanticleers : LHP Xian-yao Dou
|
|
Batting: RHB David Olivarez
|
0-0: Foul Ball, location: 2F 0-1: Ground out 4-3 (Groundball, 34, EV 81.9 MPH)
|
|
Batting: RHB Keith Ashton
|
0-0: Fly out, F9 (Flyball, 89D, EV 88.1 MPH)
|
|
Batting: RHB Winston Vasquez
|
0-0: Ground out 6-3 (Groundball, 6, EV 86.9 MPH)
|
| Top of the 2nd over - 0 runs, 0 hits, 0 errors, 0 left on base; Louisiana State University 0 - Coastal Carolina University 0 |
| BOTTOM OF THE 2ND |
|
Coastal Carolina University Chanticleers batting - Pitching for Louisiana State University Tigers : LHP Logan Corrigan
|
|
Batting: RHB Isaac Washington
|
0-0: Ball 1-0: Ball 2-0: Fly out, F8 (Flyball, 8LD, EV 107.5 MPH)
|
|
Batting: LHB Rafael Banda
|
0-0: Ball 1-0: Called Strike 1-1: Ball 2-1: Fly out, F8 (Line Drive, 8RD, EV 103.8 MPH)
|
|
Batting: RHB Justin Klein
|
0-0: Ball 1-0: Swinging Strike 1-1: Ball 2-1: Ball 3-1: Foul Ball, location: 2F 3-2: Foul Ball, location: 2F 3-2: Strikes out swinging
|
| Bottom of the 2nd over - 0 runs, 0 hits, 0 errors, 0 left on base; Louisiana State University 0 - Coastal Carolina University 0 |
| TOP OF THE 3RD |
|
Louisiana State University Tigers batting - Pitching for Coastal Carolina University Chanticleers : LHP Xian-yao Dou
|
|
Batting: RHB Isaiah Heath
|
0-0: Foul Ball, location: 2F 0-1: Foul Ball, location: 2F 0-2: Foul Ball, location: 2F 0-2: Ball 1-2: Foul Ball, location: 2F 1-2: Strikes out looking
|
|
Batting: RHB David Dye
|
0-0: Ground out 4-3 (Groundball, 34, EV 108.8 MPH)
|
|
Batting: RHB Jesus Resendez
|
0-0: Called Strike 0-1: Called Strike 0-2: Ball 1-2: Strikes out swinging
|
| Top of the 3rd over - 0 runs, 0 hits, 0 errors, 0 left on base; Louisiana State University 0 - Coastal Carolina University 0 |
| BOTTOM OF THE 3RD |
|
Coastal Carolina University Chanticleers batting - Pitching for Louisiana State University Tigers : LHP Logan Corrigan
|
|
Batting: RHB Ivan Torres
|
0-0: Ball 1-0: Foul Ball, location: 2F 1-1: Swinging Strike 1-2: Strikes out looking
|
|
Batting: RHB Fernando Tovar
|
0-0: Swinging Strike 0-1: Foul Ball, location: 2F 0-2: Foul Ball, location: 2F 0-2: Ball 1-2: Strikes out looking
|
|
Batting: LHB Gong Tow
|
0-0: Called Strike 0-1: Swinging Strike 0-2: Ball 1-2: Strikes out swinging
|
| Bottom of the 3rd over - 0 runs, 0 hits, 0 errors, 0 left on base; Louisiana State University 0 - Coastal Carolina University 0 |
| TOP OF THE 4TH |
|
Louisiana State University Tigers batting - Pitching for Coastal Carolina University Chanticleers : LHP Xian-yao Dou
|
|
Batting: LHB Alex Morales
|
0-0: Called Strike 0-1: Ground out 4-3 (Groundball, 4, EV 85.0 MPH)
|
|
Batting: RHB Pete Roberts
|
0-0: Foul Ball, location: 2F 0-1: Ball 1-1: Ball 2-1: Ball 3-1: Fly out, F8 (Flyball, 8RD, EV 76.2 MPH)
|
|
Batting: RHB Peter Turcotte
|
0-0: Ground out 6-3 (Groundball, 6, EV 102.5 MPH)
|
| Top of the 4th over - 0 runs, 0 hits, 0 errors, 0 left on base; Louisiana State University 0 - Coastal Carolina University 0 |
| BOTTOM OF THE 4TH |
|
Coastal Carolina University Chanticleers batting - Pitching for Louisiana State University Tigers : LHP Logan Corrigan
|
|
Batting: RHB Ferri Casteleijn
|
0-0: Ball 1-0: Foul Ball, location: 2F 1-1: Called Strike 1-2: Ball 2-2: Ground out 4-3 (Groundball, 4, EV 102.5 MPH)
|
|
Batting: RHB Oscar Hernandez
|
0-0: Ball 1-0: Ball 2-0: Ground out 5-3 (Groundball, 56S, EV 76.2 MPH)
|
|
Batting: RHB Dennis Bennett
|
0-0: Ball 1-0: Ball 2-0: Ball 3-0: Swinging Strike 3-1: Foul Ball, location: 2F 3-2: Strikes out swinging
|
| Bottom of the 4th over - 0 runs, 0 hits, 0 errors, 0 left on base; Louisiana State University 0 - Coastal Carolina University 0 |
| TOP OF THE 5TH |
|
Louisiana State University Tigers batting - Pitching for Coastal Carolina University Chanticleers : LHP Xian-yao Dou
|
|
Batting: RHB David Olivarez
|
0-0: Called Strike 0-1: Called Strike 0-2: Ball 1-2: Strikes out looking
|
|
Batting: RHB Keith Ashton
|
0-0: Fly out, F2 (Popup, 23F, EV 85.6 MPH)
|
|
Batting: RHB Winston Vasquez
|
0-0: Ball 1-0: Ball 2-0: Ground out 6-3 (Groundball, 56, EV 100.0 MPH)
|
| Top of the 5th over - 0 runs, 0 hits, 0 errors, 0 left on base; Louisiana State University 0 - Coastal Carolina University 0 |
| BOTTOM OF THE 5TH |
|
Coastal Carolina University Chanticleers batting - Pitching for Louisiana State University Tigers : LHP Logan Corrigan
|
|
Batting: RHB Isaac Washington
|
0-0: Fly out, F8 (Flyball, 78S, EV 83.8 MPH)
|
|
Batting: LHB Rafael Banda
|
0-0: Called Strike 0-1: Ball 1-1: SINGLE (Line Drive, 7LS, EV 91.9 MPH)
|
|
Batting: RHB Justin Klein
|
0-0: SINGLE (Line Drive, 78S, EV 94.4 MPH) Rafael Banda to second
|
|
Batting: RHB Ivan Torres
|
0-0: Grounds into double play, 5-4-3 (Groundball, 5S, EV 85.0 MPH)
|
| Bottom of the 5th over - 0 runs, 2 hits, 0 errors, 1 left on base; Louisiana State University 0 - Coastal Carolina University 0 |
| TOP OF THE 6TH |
|
Louisiana State University Tigers batting - Pitching for Coastal Carolina University Chanticleers : LHP Xian-yao Dou
|
|
Batting: RHB Isaiah Heath
|
0-0: Ball 1-0: Swinging Strike 1-1: Ball 2-1: Ball 3-1: Swinging Strike 3-2: Strikes out looking
|
|
Batting: RHB David Dye
|
0-0: Ball 1-0: Foul Ball, location: 2F 1-1: Foul Ball, location: 2F 1-2: Ball 2-2: Foul Ball, location: 2F 2-2: Ball 3-2: Foul Ball, location: 2F 3-2: Foul Ball, location: 2F 3-2: Ground out 6-3 (Groundball, 6, EV 102.5 MPH)
|
|
Batting: RHB Jesus Resendez
|
0-0: Ball 1-0: Called Strike 1-1: Ball 2-1: Foul Ball, location: 2F 2-2: Ball 3-2: Strikes out swinging
|
| Top of the 6th over - 0 runs, 0 hits, 0 errors, 0 left on base; Louisiana State University 0 - Coastal Carolina University 0 |
| BOTTOM OF THE 6TH |
|
Coastal Carolina University Chanticleers batting - Pitching for Louisiana State University Tigers : LHP Logan Corrigan
|
|
Batting: RHB Fernando Tovar
|
0-0: Ground out 6-3 (Groundball, 6D, EV 110.0 MPH)
|
|
Batting: LHB Gong Tow
|
0-0: Ball 1-0: SINGLE (Line Drive, 8LS, EV 107.5 MPH)
|
|
Batting: RHB Ferri Casteleijn
|
0-0: Ball 1-0: Grounds into double play, 4-6-3 (Groundball, 4S, EV 85.0 MPH)
|
| Bottom of the 6th over - 0 runs, 1 hit, 0 errors, 0 left on base; Louisiana State University 0 - Coastal Carolina University 0 |
| TOP OF THE 7TH |
|
Louisiana State University Tigers batting - Pitching for Coastal Carolina University Chanticleers : LHP Xian-yao Dou
|
|
Batting: LHB Alex Morales
|
0-0: Called Strike 0-1: Foul Ball, location: 2F 0-2: Foul Ball, location: 2F 0-2: Foul Ball, location: 2F 0-2: Ball 1-2: Foul Ball, location: 2F 1-2: Hit by Pitch
|
|
Batting: RHB Pete Roberts
|
0-0: Called Strike 0-1: Fielders Choice at 2nd, 4-6 (Groundball, 4, EV 90.6 MPH)
|
|
Batting: RHB Peter Turcotte
|
0-0: Foul Ball, location: 2F 0-1: Ball 1-1: Ball 2-1: Swinging Strike 2-2: Strikes out looking
|
|
Pitching: RHP Eddie Larnach
|
|
|
Batting: RHB David Olivarez
|
0-0: Fly out, F7 (Flyball, 7LM, EV 93.1 MPH)
|
| Top of the 7th over - 0 runs, 0 hits, 0 errors, 1 left on base; Louisiana State University 0 - Coastal Carolina University 0 |
| BOTTOM OF THE 7TH |
|
Coastal Carolina University Chanticleers batting - Pitching for Louisiana State University Tigers : LHP Logan Corrigan
|
|
Batting: RHB Oscar Hernandez
|
0-0: Ball 1-0: Foul Ball, location: 2F 1-1: Foul Ball, location: 2F 1-2: Ball 2-2: Ball 3-2: Foul Ball, location: 2F 3-2: Base on Balls
|
|
Batting: RHB Dennis Bennett
|
0-0: SINGLE (Groundball, 34, EV 94.4 MPH) Oscar Hernandez to second Runner from 2nd tries for 3rd, SAFE, no throw by RF
|
|
Batting: RHB Isaac Washington
|
0-0: Ball 1-0: Called Strike 1-1: Ball 2-1: Grounds out, U3 (Groundball, 3L, EV 104.4 MPH) Oscar Hernandez scores
|
|
Batting: LHB Rafael Banda
|
0-0: Ball 1-0: Foul Ball, location: 2F 1-1: Fly out, F7 (Flyball, 7LSF, EV 93.8 MPH)
|
|
Batting: RHB Justin Klein
|
0-0: Called Strike 0-1: Fly out, F9 (Flyball, 89S, EV 78.1 MPH)
|
| Bottom of the 7th over - 1 run, 1 hit, 0 errors, 1 left on base; Louisiana State University 0 - Coastal Carolina University 1 |
| TOP OF THE 8TH |
|
Louisiana State University Tigers batting - Pitching for Coastal Carolina University Chanticleers : RHP Eddie Larnach
|
|
Now at SS: Rene Napoles
|
|
|
Now in RF: Isaac Washington
|
|
|
Pinch Hitting: LHB Manny Grado
|
0-0: Ball 1-0: Swinging Strike 1-1: Called Strike 1-2: Foul Ball, location: 2F 1-2: Foul Ball, location: 2F 1-2: Strikes out looking
|
|
Pinch Hitting: RHB Bernie Benavides
|
0-0: Ball 1-0: Ball 2-0: Ball 3-0: Base on Balls
|
|
Pinch Hitting: SHB Brian Caruso
|
0-0: Foul Ball, location: 2F 0-1: Ball 1-1: Ball 2-1: Ball 3-1: Foul Ball, location: 2F 3-2: Ground out 4-3 (Groundball, 34, EV 97.5 MPH) Bernie Benavides to second
|
|
Pinch Hitting: RHB Byung-hee Jee
|
0-0: Ball 1-0: Ball 2-0: Ball 3-0: Called Strike 3-1: Foul Ball, location: 2F 3-2: Base on Balls
|
|
Pinch Hitting: RHB Stewart Walker
|
0-0: Ground out 5-3 (Groundball, 56, EV 110.0 MPH)
|
| Top of the 8th over - 0 runs, 0 hits, 0 errors, 2 left on base; Louisiana State University 0 - Coastal Carolina University 1 |
| BOTTOM OF THE 8TH |
|
Coastal Carolina University Chanticleers batting - Pitching for Louisiana State University Tigers : LHP Logan Corrigan
|
|
Pitching: LHP Nathan Waters
|
|
|
Now at 2B: Michael Maier
|
|
|
Now at 3B: Bernie Benavides
|
|
|
Now at SS: Byung-hee Jee
|
|
|
Now in LF: Brian Caruso
|
|
|
Now in RF: Manny Grado
|
|
|
Batting: RHB Ivan Torres
|
0-0: Swinging Strike 0-1: Called Strike 0-2: Ball 1-2: Foul Ball, location: 2F 1-2: Ball 2-2: Strikes out swinging
|
|
Batting: RHB Fernando Tovar
|
0-0: Ball 1-0: Swinging Strike 1-1: Ball 2-1: Called Strike 2-2: Foul Ball, location: 2F 2-2: Strikes out swinging
|
|
Batting: LHB Gong Tow
|
0-0: Called Strike 0-1: Foul Ball, location: 2F 0-2: Ball 1-2: Ball 2-2: Foul Ball, location: 2F 2-2: Foul Ball, location: 2F 2-2: Foul Ball, location: 2F 2-2: Foul Ball, location: 2F 2-2: Ground out 4-3 (Groundball, 4, EV 90.0 MPH)
|
| Bottom of the 8th over - 0 runs, 0 hits, 0 errors, 0 left on base; Louisiana State University 0 - Coastal Carolina University 1 |
| TOP OF THE 9TH |
|
Louisiana State University Tigers batting - Pitching for Coastal Carolina University Chanticleers : RHP Eddie Larnach
|
|
Pitching: RHP Oscar Fajardo
|
|
|
Pinch Hitting: RHB Zachary Acker
|
0-0: Ball 1-0: Ball 2-0: Fly out, F9 (Flyball, 89S, EV 86.9 MPH)
|
|
Pinch Hitting: LHB Jon Valdez
|
0-0: Ground out 1-3 (Groundball, 34S, EV 63.8 MPH)
|
|
Batting: SHB Paul Blaylock
|
0-0: Called Strike 0-1: Foul Ball, location: 2F 0-2: Ball 1-2: Strikes out swinging
|
| Top of the 9th over - 0 runs, 0 hits, 0 errors, 0 left on base; Louisiana State University 0 - Coastal Carolina University 1 |
|